AoeStats
← Green Assassin

Yucatan

503496872Analyzed
4v4 RM · 1mo ago on Aug 31, 2026· 43m 31s· 8 players
Game mode
Random Map
Map size
Large (8 player)
Population
200
Speed
Normal
Resources
Standard
Victory
Conquest
Starting age
Dark Age
Ending age
Imperial Age
RankedLock teamsTeams togetherTeam positionsShared explorationLock speedFull tech treeHidden civsTurbo modeCheats
Victory
Defeat
🇬🇧 Persians · United Kingdom
1247
+14
🇹🇼 Bulgarians · Taiwan
1244
+15
🇲🇽 Wei · Mexico
1231
+15
🇺🇸 Portuguese · United States
1206
+16
🇨🇴 Franks · Colombia
1253
-17
🇦🇷 Persians · Argentina
1218
-15
🇩🇪 Georgians · Germany
1209
-15
🇧🇷 Bengalis · Brazil
1177
-13
Green Assassin
0:36 Loom
10:42 Feudal Age
16:54 Castle Age
15:01 Double-Bit Axe
15:12 Horse Collar
17:02 Bloodlines
17:00 Scale Barding Armor
18:57 Wheelbarrow
32:07 Imperial Age
30:45 Husbandry
30:58 Forging
33:04 Heavy Plow
32:40 Elite Monaspa
35:34 Conscription
35:39 Chain Barding Armor
35:55 Iron Casting
37:00 Man-at-Arms
37:00 Pikeman
37:41 Squires
39:11 Scale Mail Armor
Lord Housedrick
11:17 Feudal Age
11:43 Loom
12:10 Double-Bit Axe
17:37 Castle Age
15:59 Horse Collar
18:52 Bow Saw
19:54 Bloodlines
19:45 Husbandry
20:59 Wheelbarrow
20:09 Town Watch
20:19 Gold Mining
22:54 Scale Barding Armor
23:01 Forging
23:55 Heavy Plow
26:07 Paiks
28:15 Hand Cart
29:17 Chain Barding Armor
30:30 Iron Casting
29:49 Fletching
30:37 Iron Casting
31:42 Padded Archer Armor
31:38 Bodkin Arrow
34:49 Imperial Age
33:19 Leather Archer Armor
35:55 Conscription
36:00 Bracer
36:31 Ring Archer Armor
35:40 Elite Ratha (Ranged)
39:40 Blast Furnace
40:03 Ballistics
Duck Rattlehead
6:12 Loom
11:24 Feudal Age
15:29 Castle Age
15:42 Bloodlines
28:53 Forging
28:33 Fletching
28:40 Fletching
29:28 Town Watch
29:50 Bodkin Arrow
37:36 Kamandaran
37:57 Crossbowman
38:50 Padded Archer Armor
39:05 Husbandry
42:57 Imperial Age
41:17 Wheelbarrow
40:50 Double-Bit Axe
42:28 Leather Archer Armor
42:44 Ballistics
43:51 Ring Archer Armor
dfarfangomez
4:27 Loom
16:12 Feudal Age
17:34 Wheelbarrow
16:46 Double-Bit Axe
30:36 Castle Age
29:45 Gold Mining
31:31 Bow Saw
83T01SRA3L
2:34 Loom
7:01 Loom
9:30 Feudal Age
14:27 Wheelbarrow
16:54 Double-Bit Axe
17:02 Gold Mining
19:36 Castle Age
17:30 Fletching
18:39 Padded Archer Armor
20:20 Bodkin Arrow
20:30 Husbandry
22:43 Bow Saw
24:18 Horse Collar
27:35 Ballistics
26:56 Treadmill Crane
28:03 Leather Archer Armor
29:15 Hand Cart
30:56 Thumb Ring
31:53 Town Watch
38:40 Imperial Age
39:25 Bracer
40:28 Chemistry
39:40 Masonry
OXYEHHO
8:52 Loom
10:37 Feudal Age
11:37 Feudal Age
15:51 Castle Age
14:16 Double-Bit Axe
14:57 Gold Mining
15:21 Horse Collar
16:51 Bow Saw
42:44 Town Watch
43:34 Wheelbarrow
Bubbs
2:38 Loom
Fun4
8:07 Loom
10:41 Feudal Age
14:29 Castle Age
12:50 Double-Bit Axe
13:08 Fishing Lines
17:26 Bow Saw
18:51 Horse Collar
22:58 Heavy Plow
23:02 Gold Mining
25:13 Wheelbarrow
24:41 Stone Mining
26:24 Fervor
29:29 Imperial Age
28:54 Hand Cart
28:46 Scale Barding Armor
29:30 Town Watch
30:25 Gold Shaft Mining
30:29 Chain Barding Armor
30:40 Forging
30:43 Bloodlines
30:33 Husbandry
31:02 Illumination
31:13 Theocracy
30:15 Pikeman
31:49 Plate Barding Armor
31:49 Crop Rotation
31:23 Stirrups
31:37 Halberdier
33:33 Iron Casting
32:24 Elite Konnik
33:19 Fletching
33:30 Scale Mail Armor
34:09 Conscription
34:01 Squires
35:02 Blast Furnace
35:11 Chain Mail Armor
34:52 Bodkin Arrow
35:22 Capped Ram
37:05 Chemistry
37:31 Plate Mail Armor
36:45 Siege Ram
37:56 Bracer
40:49 Masonry
41:01 Ballistics
41:22 Padded Archer Armor
Connection lost

Rejoining the realm…

Still unreachable

The connection could not be restored.

Session expired

The server has moved on; the page needs a fresh start.